 Dungeon Crawl Stone Soup version 0.28-a0-1524-ge72afd5fc6 (webtiles) character file.

Game seed: 11940311584398601473

115 hashsling the Skirmisher (level 5, 0/43 HPs)
             Began as a Human Wanderer on Jan 18, 2022.
             Slain by a lemure (1 damage)
             ... led by Pikel
             ... on level 3 of the Dungeon.
             The game lasted 00:08:29 (3225 turns).

hashsling the Skirmisher (Human Wanderer)           Turns: 3225, Time: 00:08:29

Health: 0/43       AC:  3    Str: 16    XL:     5   Next: 20%
Magic:  5/5        EV:  9    Int:  8    God:
Gold:   96         SH:  9    Dex: 15    Spells: 4/4 levels left

rFire   . . .      SeeInvis .   a - +3 dagger
rCold   . . .      Faith    .   k - +0 kite shield
rNeg    . . .      Spirit   .   d - +0 leather armour
rPois   .          Reflect  .   (no helmet)
rElec   .          Harm     .   (no cloak)
rCorr   .          Rampage  .   (no gloves)
Will    .....                   (no boots)
Stlth   +.........              (no amulet)
HPRegen 0.14/turn               (no ring)
MPRegen 0.09/turn               (no ring)

@: mighty
A: no striking features
a: no special abilities


You were on level 3 of the Dungeon.
You visited 1 branch of the dungeon, and saw 4 of its levels.

You collected 96 gold pieces.

Inventory:

Hand Weapons
 a - a +3 dagger (weapon)
Missiles
 b - 2 curare-tipped darts
 g - 3 boomerangs (quivered)
 j - 149 stones
Armour
 c - a +0 buckler
 d - a +0 leather armour (worn)
 k - a +0 kite shield (worn)
Jewellery
 e - a ring of wizardry
 m - a ring of resist corrosion
Scrolls
 i - 3 scrolls of enchant weapon {unknown}
 l - a scroll of noise
Potions
 o - a potion of haste {unknown}


   Skills:
 * Level 4.9 Fighting
 + Level 3.6 Throwing
 * Level 3.4 Shields
 - Level 1.0 Evocations


You had 4 spell levels left.
You didn't know any spells.
Your spell library contained the following spells:

 Spells                   Type           Power      Damage    Failure   Level
 Apportation              Tloc           0%         N/A       86%         1
 Foxfire                  Conj/Fire      0%         2x1d4     86%         1
 Corpse Rot               Necr/Air       0%         N/A       94%         2
 Conjure Flame            Conj/Fire      0%         6-21      99%         3
 Inner Flame              Hex/Fire       0%         N/A       99%         3
 Portal Projectile        Hex/Tloc       0%         N/A       99%         3
 Dispel Undead            Necr           0%         3d6       100%        4
 Flame Wave               Conj/Fire      0%         2d4       100%        4
 Alistair's Intoxication  Tmut/Pois      0%         N/A       100%        5
 Blade Hands              Tmut           0%         N/A       100%        5
 Excruciating Wounds      Necr           0%         N/A       100%        5
 Death Channel            Necr           0%         N/A       100%        6


Dungeon Overview and Level Annotations

Branches:
Dungeon (4/15)
 Temple: D:4-7

Altars:

Shops:
D:3 (=


Message History

The lemure is heavily wounded.
You block the lemure's attack.
Hit: a) +3 dagger
Press: ? - help, Dir - move target, f/p - lemure
Aim: a lemure (heavily wounded, about 38% to evade your +3 dagger)
You hit the lemure.
The lemure is heavily wounded.
The lemure misses you. The lemure hits you!
* * * LOW HITPOINT WARNING * * *
It was a potion of magic.
Magic courses through your body. You block the lemure's attack.
It was a potion of might.
You feel very mighty all of a sudden. You block the lemure's attack.
You feel better. The lemure hits you!
* * * LOW HITPOINT WARNING * * *
You feel better. The lemure hits you.
* * * LOW HITPOINT WARNING * * *
You feel better. The lemure hits you but does no damage.
You hit the lemure.
The lemure is severely wounded.
The lemure closely misses you.
You puncture the lemure!
The lemure is almost dead.
The lemure hits you.
* * * LOW HITPOINT WARNING * * *
You closely miss the lemure.
The lemure is almost dead.
You block the lemure's attack.
You barely miss the lemure.
The lemure is almost dead.
The lemure hits you!
* * * LOW HITPOINT WARNING * * *
You barely miss the lemure.
The lemure is almost dead.
The lemure hits you but does no damage.
You completely miss the lemure.
The lemure is almost dead.
The lemure hits you.
You die...

####.####.#.##.#.####
# #.# #.#.##.#.# ##
#.# #.#.##.#.#
.###.####.#.##.#.#
............##.#.#
...........###.#.#
####.###...# #.#.# #
#.###.#.###.#5#
#.##.#..##...@#
#.#.##.....#..#
#..###....###.#
###.##.....#..#
##.#..##...##
##.#.###.##
##.#..###.#
##.###.##..# #.##
##...##


You could see a lemure.

Vanquished Creatures
  3 gnolls (D:3)
  3 adders (D:2)
  2 dart slugs
  4 orcs (D:3)
  4 ball pythons
  7 endoplasms
  A giant cockroach (D:1)
  2 goblins
  2 hobgoblins (D:2)
  8 kobolds
  5 quokkas
  6 bats
  3 rats
50 creatures vanquished.

Vanquished Creatures (others)
  4 fungi (D:2)
  8 plants (D:2)
12 creatures vanquished.

Grand Total: 62 creatures vanquished

Notes
Turn   | Place    | Note
-------+----------+-------------------------------------------
     0 | D:1      | hashsling the Human Wanderer began the quest for the Orb.
     0 | D:1      | hashsling set off with the following items: a +3 dagger, 2
                  | curare-tipped darts, a +0 buckler, a +0 leather armour
     0 | D:1      | Reached XP level 1. HP: 19/19 MP: 1/1
    43 | D:1      | Reached XP level 2. HP: 16/25 MP: 2/2
   692 | D:1      | Reached XP level 3. HP: 24/31 MP: 3/3
  1518 | D:2      | Reached XP level 4. HP: 28/38 MP: 4/4
  1925 | D:2      | Found a faded altar of an unknown god.
  2776 | D:3      | Found Sisoity's Jewellery Shoppe.
  2791 | D:3      | Found Qagit's Antique Weapon Shoppe.
  2822 | D:3      | Reached XP level 5. HP: 40/43 MP: 5/5
  3160 | D:4      | Noticed a lemure
  3160 | D:4      | Noticed a lemure
  3223 | D:3      | HP: 1/43 [lemure[Pikel] (8)]
  3225 | D:3      | Slain by a lemure

Illustrated notes

Levels and vault maps discovered:
D:1:      beargit_arrival_greenhouse, layout_rooms,
          hangedman_abyss_or_decor_lesser_grid, hex_tiny,
          minmay_misc_feat_nine_boxes, minivault_11,
          chequers_hall_statues_corner_a, minmay_split_cup_small
D:2:      layout_loops_cross, shapermc_ecumenical_altar_mp_urbaneastern
D:3:      layout_loops_ring, serial_shops, nicolae_shop_waterfront, shop
D:4:      layout_layer_cave, minmay_manual_mandibuliform, uniq_eustachio,
          uniq_blork_the_orc, uniq_pikel

Skill      XL: |  1  2  3 |
---------------+----------+-----
Shields        | 3 |  3.4
Fighting       | |  4.9
Throwing       | |  3.6
Evocations     | |  1.0

Action                   |  1- 3 |  4- 6 || total
-------------------------+-------+-------++-------
Melee: Dagger            |    92 |    76 ||   168
Throw: Boomerang         |    10 |    25 ||    35
  Use: Scroll            |       |     3 ||     3
       Potion            |       |     5 ||     5
 Stab: Sleeping          |     1 |       ||     1
Armor: Leather armour    |    26 |    16 ||    42
Dodge: Dodged            |    37 |    31 ||    68
Block: Buckler           |    14 |       ||    14
       Kite shield       |       |    38 ||    38

Table legend: (Time is in decaauts)
 A = Elapsed time spent in this place.
 B = Non-inter-level travel time spent in this place.
 C = Inter-level travel time spent in this place.
 D = Time resting spent in this place.
 E = Time spent auto-exploring this place.
 F = Levels seen in this place.
 G = Mean time per level.
                   A        B        C        D        E       F      G
               +--------+--------+--------+--------+--------+-----+--------+
         Total |   3249 |   3178 |     71 |      0 |   2680 |   4 |  812.2 |
       Dungeon |   3249 |   3178 |     71 |      0 |   2680 |   4 |  812.2 |
               +--------+--------+--------+--------+--------+-----+--------+

Top non-repeatable levels by time:
     D:2: 1194 daAuts
     D:3: 1038 daAuts
     D:1: 937 daAuts
     D:4: 79 daAuts
